[Event "Titled Tuesday Blitz August 10 2021"]
[White "Tanenbaum, Zachary"]
[Black "Gupta, Abhijeet"]
[WhiteFideId "2060850"]
[BlackFideId "5010608"]
[WhiteElo "2165"]
[BlackElo "2549"]
[Result "0-1"]
[Round "04"]
[TimeControl "180+1"]
[Date "2021.08.10"]
[WhiteClock "0:00:17"]
[BlackClock "0:00:14"]

1. e4 e5 2. Nf3 Nc6 3. Bc4 Nf6 4. d3 Bc5 5. c3 a6 6. Nbd2 Ba7 7. a4 h6 8. Nf1 d5 9. exd5 Nxd5 10. Ng3 O-O 11. O-O Nf4 12. Bxf4 exf4 13. Ne4 Kh8 14. d4 Ne7 15. Re1 Bg4 16. h3 Bh5 17. Qd3 Ng6 18. a5 Qd7 19. Ned2 Rad8 20. Ne5 Nxe5 21. Rxe5 Bg6 22. Qe2 Rfe8 23. Re1 Rxe5 24. Qxe5 c5 25. d5 Bb8 26. Qe7 Bd6 27. Qxd7 Rxd7 28. Re8+ Kh7 29. Ne4 Bxe4 30. Rxe4 g5 31. Re8 Kg7 32. f3 Bc7 33. b4 cxb4 34. cxb4 Bd6 35. b5 axb5 36. Bxb5 Bc5+ 37. Kf1 Rxd5 38. Rb8 Rd1+ 39. Ke2 Rg1 40. Rxb7 Rxg2+ 41. Kd3 Rg3 42. Ke4 Rxh3 43. Bc4 Rh1 44. Rxf7+ Kg6 45. Rc7 Re1+ 46. Kd5 Bf2 47. a6 Rd1+ 48. Ke4 Re1+ 49. Kd3 Re3+ 50. Kd2 Ra3 51. Rc6+ Kh5 52. Ke2 Be3 53. Bd5 Ra5 54. Be4 Ra2+ 55. Ke1 Bf2+ 56. Kf1 Bd4 57. Ke1 Kh4 58. Rxh6+ Kg3 59. Rg6 Ra5 60. Ke2 Be3 61. Kd3 Kf2 62. Kc4 g4 63. fxg4 Ra4+ 64. Kd5 Ke2 65. Rf6 Ra5+ 66. Kc4 Ra4+ 67. Kd5 Ra5+ 68. Kc4 Rg5 69. Bd5 Rxg4 70. Re6 Rg7 71. Kb5 Rc7 72. Rf6 Rc5+ 73. Kb4 Rxd5 74. Re6 Rd1 75. Kb5 Rb1+ 76. Kc6 Ra1 77. Kb7 f3 78. Ka8 f2 79. Rf6 f1=Q 80. Rxf1 Kxf1 81. a7 Bxa7 82. Kb7 Be3 83. Kb8 Rc1 84. Kb7 Ke2 85. Ka8 Kd3 86. Kb7 Ke4 87. Ka8 Kd5 88. Kb7 Kd6 89. Kb8 Bf4 90. Kb7 Kd7 91. Kb6 Be3+ 92. Kb5 Kd6 93. Kb4 Kd5 94. Kb3 Rc8 95. Kb2 Kc4 96. Kc2 Rh8 97. Kb2 Rh1 98. Kc2 Rh2+ 99. Kb1 Kb3 100. Ka1 Rh1# 0-1


[Site "https://www.chess.com"]

[Event "Titled Tuesday Blitz August 10 2021"]
[White "Terry, Renato"]
[Black "Timmermans, Mark"]
[WhiteFideId "3803457"]
[BlackFideId "1026399"]
[WhiteElo "2581"]
[BlackElo "2460"]
[Result "1-0"]
[Round "04"]
[TimeControl "180+1"]
[Date "2021.08.10"]
[WhiteClock "0:00:07"]
[BlackClock "0:00:14"]

1. d4 Nf6 2. Nf3 e6 3. c4 d5 4. e3 Be7 5. b3 O-O 6. Bd3 a6 7. O-O dxc4 8. bxc4 c5 9. Bb2 Nc6 10. Nc3 cxd4 11. exd4 Rb8 12. Qe2 b5 13. cxb5 axb5 14. Nxb5 Nd5 15. Bc4 Na5 16. a4 Ba6 17. Ne5 Nf4 18. Qg4 Nxc4 19. Nxc4 Nd3 20. Bc3 Bxb5 21. axb5 Rxb5 22. Qg3 Nb4 23. d5 Bf6 24. dxe6 fxe6 25. Rad1 Rd5 26. Bxf6 Qxf6 27. Ne3 Rg5 28. Qd6 Nd5 29. Nxd5 exd5 30. Rxd5 Qxd6 31. Rxd6 Ra5 32. g3 Rf3 33. Kg2 Raf5 34. Rd2 h5 35. h4 Rf7 36. Rc1 g6 37. Rc6 Kg7 38. Kg1 Kh7 39. Rb6 Kg7 40. Rbb2 Kh7 41. Kg2 Kg7 42. Re2 R3f6 43. Re3 Rf5 44. Rbe2 R5f6 45. f4 Ra6 46. Rd3 Raf6 47. Kf3 Rc6 48. Re5 Rb6 49. Rg5 Kh7 50. Rgd5 Rbf6 51. Re3 Kg7 52. Rc3 Kh7 53. Rcc5 Kg7 54. Rg5 Kh7 55. f5 Rxf5+ 56. Rcxf5 gxf5 57. Rxh5+ Kg6 58. Rg5+ Kh6 59. Kf4 Ra7 60. Rxf5 Ra4+ 61. Kf3 Kg6 62. Rg5+ Kh6 63. Rb5 Ra3+ 64. Kg2 Rb3 65. Rxb3 1-0


[Site "https://www.chess.com"]

[Event "Titled Tuesday Blitz August 10 2021"]
[White "Vasquez Schroeder, Rodrigo"]
[Black "Sevian, Samuel"]
[WhiteFideId "3400042"]
[BlackFideId "2040506"]
[WhiteElo "2568"]
[BlackElo "2972"]
[Result "0-1"]
[Round "04"]
[TimeControl "180+1"]
[Date "2021.08.10"]
[WhiteClock "0:01:18"]
[BlackClock "0:02:19"]

1. e4 e5 2. Nf3 Nf6 3. d3 Nc6 4. c3 d5 5. Nbd2 a5 6. Be2 Bc5 7. O-O O-O 8. b3 Re8 9. a3 h6 10. Bb2 Bd6 11. b4 Ne7 12. Re1 Ng6 13. Bf1 c6 14. g3 Be6 15. Qc2 Qd7 16. Bg2 Bh3 17. Bh1 Rad8 18. Nf1 Bc7 19. Rad1 axb4 20. axb4 Bb6 21. Ne3 Bxe3 22. fxe3 dxe4 23. dxe4 Qc7 24. c4 Rxd1 25. Rxd1 Qb6 26. Qb3 Nxe4 27. Bg2 Bxg2 28. Kxg2 Nc5 29. Qa3 Na6 30. Bc3 Qxe3 31. b5 Qe2+ 0-1


[Site "https://www.chess.com"]

[Event "Titled Tuesday Blitz August 10 2021"]
[White "Yakubboev, Nodirbek"]
[Black "Wagner, Dennis"]
[WhiteFideId "14203987"]
[BlackFideId "24650684"]
[WhiteElo "2519"]
[BlackElo "2355"]
[Result "1/2-1/2"]
[Round "04"]
[TimeControl "180+1"]
[Date "2021.08.10"]
[WhiteClock "0:00:06"]
[BlackClock "0:00:05"]

1. b3 Nf6 2. Bb2 g6 3. Nf3 Bg7 4. g3 O-O 5. Bg2 d6 6. d4 b5 7. Nfd2 c6 8. O-O Bb7 9. c4 Qb6 10. Nc3 Nbd7 11. a4 b4 12. Na2 a5 13. e3 Rfe8 14. Nc1 e5 15. c5 dxc5 16. Nc4 Qc7 17. dxe5 Nd5 18. Nd3 Ba6 19. Rc1 Rad8 20. Qc2 Bxc4 21. bxc4 N5b6 22. f4 f6 23. exf6 Bxf6 24. e4 Bxb2 25. Nxb2 Nf8 26. e5 Ne6 27. Rce1 Nd4 28. Qe4 Re7 29. g4 Rde8 30. h4 Kh8 31. Re3 Qd7 32. Bh3 Rg7 33. Kh2 Qe7 34. f5 Qxh4 35. f6 Rf7 36. Nd3 Qg5 37. Nxc5 Nxc4 38. Ree1 Qd2+ 39. Bg2 Rxe5 40. Qf4 Qxf4+ 41. Rxf4 Rxe1 42. Rxd4 Rxf6 43. Rxc4 Rf2 44. Kg3 Rb2 45. Nb7 Re3+ 46. Kf4 Rc3 47. Re4 Rxg2 48. Kg5 Kg7 49. Nd6 h6+ 50. Kf4 Rf2+ 51. Ke5 Rf8 52. Kd4 Ra3 53. Kc5 Rxa4 54. Re7+ Kf6 55. Re4 Ra3 56. Rf4+ Kg7 57. Re4 Rc3+ 58. Kb6 b3 59. Re7+ Kf6 60. Re2 a4 61. Ne4+ Ke5 62. Nxc3+ Kd4 63. Nxa4 Kd3 64. Re6 b2 65. Nxb2+ Kd4 66. Rxg6 Rb8+ 67. Kxc6 Rxb2 68. Rxh6 Rg2 69. Rg6 Ke5 70. Kd7 Kf4 71. Ke6 Rxg4 72. Rxg4+ Kxg4 1/2-1/2


[Site "https://www.chess.com"]

[Event "Titled Tuesday Blitz August 10 2021"]
[White "Yoo, Christopher Woojin"]
[Black "Shimanov, Aleksandr"]
[WhiteFideId "30909694"]
[BlackFideId "4198603"]
[WhiteElo "2105"]
[BlackElo "2596"]
[Result "1-0"]
[Round "04"]
[TimeControl "180+1"]
[Date "2021.08.10"]
[WhiteClock "0:00:36"]
[BlackClock "0:00:49"]

1. e4 e6 2. d4 d5 3. Bd3 dxe4 4. Bxe4 Nf6 5. Bf3 c5 6. Ne2 Nc6 7. Be3 e5 8. Bxc6+ bxc6 9. dxe5 Qxd1+ 10. Kxd1 Ng4 11. Nd2 Nxe5 12. f3 Be6 13. b3 c4 14. Nf4 c3 15. Nxe6 fxe6 16. Ne4 Ba3 17. Ke2 Nd7 18. Rad1 Nf6 19. Nxc3 Kf7 20. Ne4 Nxe4 21. fxe4 a5 22. Rd7+ Kg6 23. h4 h5 24. Rh3 Bb2 25. Rg3+ Kh7 26. Rg5 a4 27. e5 Rhg8 28. Rxh5+ Kg6 29. Rg5+ Kh7 30. b4 Bc3 31. Bc5 Rad8 32. Rxd8 Rxd8 33. Bd6 a3 34. Rg4 Bb2 35. Rc4 Kg6 36. Rxc6 Rh8 37. Rc4 Kf5 38. g4+ Kg6 39. h5+ Kg5 40. b5 g6 41. b6 gxh5 42. gxh5 Kf5 43. b7 Bxe5 44. Rc5 1-0


[Site "https://www.chess.com"]

[Event "Titled Tuesday Blitz August 10 2021"]
[White "Adury, Anant"]
[Black "Nesterov, Arseniy"]
[WhiteFideId "30964687"]
[BlackFideId "24198455"]
[WhiteElo "2326"]
[BlackElo "2477"]
[Result "1-0"]
[Round "05"]
[TimeControl "180+1"]
[Date "2021.08.10"]
[WhiteClock "0:00:45"]
[BlackClock "0:00:03"]

1. e4 e5 2. Nf3 Nc6 3. Bb5 a6 4. Bxc6 dxc6 5. O-O Qf6 6. d4 exd4 7. Bg5 Qd6 8. Qxd4 Bg4 9. Be3 Bxf3 10. gxf3 Qxd4 11. Bxd4 O-O-O 12. Be3 f6 13. Nd2 Ne7 14. Rad1 Ng6 15. Nc4 Be7 16. Kg2 b6 17. f4 f5 18. e5 Rd5 19. b3 Nf8 20. Nb2 Ne6 21. c4 Rdd8 22. Kf3 g6 23. Ke2 a5 24. Rxd8+ Rxd8 25. Rd1 Re8 26. Nd3 Kb7 27. Kf3 a4 28. Ra1 Rd8 29. Ke2 Ra8 30. b4 a3 31. Rb1 b5 32. c5 Bf8 33. Rb3 Bh6 34. Rb1 Rd8 35. Rc1 Ra8 36. Rb1 Kc8 37. Rd1 Ra7 38. Rb1 Kd7 39. Rd1 Ke7 40. Rd2 Ra8 41. Rd1 Rd8 42. Rd2 Ng7 43. Nc1 Rd5 44. Rxd5 cxd5 45. Nb3 Ne6 46. Kf3 c6 47. Nd4 Nxd4+ 48. Bxd4 Ke6 49. h4 Bf8 50. Kg3 Be7 51. Kh3 h6 52. Kg3 Bd8 53. Kh3 Kf7 54. Kg3 Be7 55. Kh3 g5 56. hxg5 hxg5 57. Kg3 g4 58. f3 gxf3 59. Kxf3 Bh4 60. Bf2 Be7 61. Bd4 Kg6 62. Kg3 Kh5 63. Kh3 Bh4 64. Bc3 Bf2 65. Kg2 Be3 66. Kf3 Bc1 67. Bd4 Kg6 68. Be3 Bb2 69. Bd2 Kh5 70. Kg3 Bd4 71. Kf3 Kg6 72. Kg3 Bg1 73. Kf3 Kf7 74. Kg2 Bd4 75. Kf3 Ke6 76. Ke2 Bb2 77. Kd3 d4 78. Be1 Kd5 79. Bf2 Bc3 80. Bg1 Bxb4 81. Bxd4 Bxc5 82. Bxc5 Kxc5 83. Kc3 Kd5 84. Kb3 c5 85. Kc3 b4+ 86. Kb3 Kc6 87. Kc4 Kb6 88. Kb3 Kb5 89. Kc2 c4 90. Kb1 Kc5 91. Kc2 Kd5 92. Kd2 b3 93. axb3 cxb3 94. Kc1 Kc5 95. Kb1 a2+ 96. Kb2 Kd5 97. Ka1 Kc6 98. Kb2 Kb6 99. Ka1 Kc7 100. Kb2 Kc6 101. Ka1 Kb5 102. Kb2 Kc5 103. Ka1 Kc4 104. Kb2 Kd5 105. Ka1 Ke6 106. Kb2 Ke7 107. Ka1 Kf7 108. Kb2 Ke8 109. Ka1 Kd8 110. Kb2 Ke7 111. Ka1 Kd7 112. Kb2 Kc7 113. Ka1 Kb7 114. Kb2 Kc6 115. Kxb3 Kc7 116. Kxa2 Kc6 117. Kb2 Kb6 118. Kc2 Kc6 119. Kd3 Kd5 120. Ke3 Ke6 121. Kd4 Ke7 122. Kc5 Ke6 123. Kc4 Kf7 124. Kd5 Ke8 125. e6 1-0


[Site "https://www.chess.com"]

[Event "Titled Tuesday Blitz August 10 2021"]
[White "Andreikin, Dmitry"]
[Black "Ulko, Jaroslav"]
[WhiteFideId "4158814"]
[BlackFideId "4116658"]
[WhiteElo "2782"]
[BlackElo "2304"]
[Result "1-0"]
[Round "05"]
[TimeControl "180+1"]
[Date "2021.08.10"]
[WhiteClock "0:00:08"]
[BlackClock "0:00:03"]

1. e4 e5 2. Nf3 d6 3. d4 exd4 4. Nxd4 Nf6 5. Nc3 Be7 6. g3 O-O 7. Bg2 Bg4 8. Qd2 Nc6 9. h3 Bd7 10. Nf5 Bxf5 11. exf5 d5 12. O-O d4 13. Ne2 Bb4 14. Qd3 Re8 15. Bg5 h6 16. Bxf6 Qxf6 17. Nf4 Rad8 18. Qb5 Bd2 19. Nd3 Ne5 20. Rad1 Qxf5 21. Kh1 c6 22. Qxb7 Nxd3 23. Rxd2 Ne5 24. Qb3 c5 25. f4 Ng6 26. g4 Qf6 27. f5 Ne5 28. Qa4 h5 29. gxh5 Qg5 30. Re2 Re7 31. f6 gxf6 32. Qa3 Qxh5 33. Qg3+ Kh8 34. Rxf6 Rg8 35. Qe1 Ng4 36. Rxe7 Nxf6 37. Re5 Qg6 38. Qh4+ Nh7 39. Re2 Kg7 40. Be4 1-0


[Site "https://www.chess.com"]

[Event "Titled Tuesday Blitz August 10 2021"]
[White "Demidov, Mikhail"]
[Black "Yakubboev, Nodirbek"]
[WhiteFideId "4197143"]
[BlackFideId "14203987"]
[WhiteElo "2559"]
[BlackElo "2519"]
[Result "1/2-1/2"]
[Round "05"]
[TimeControl "180+1"]
[Date "2021.08.10"]
[WhiteClock "0:00:08"]
[BlackClock "0:00:03"]

1. Nf3 Nf6 2. g3 g6 3. b3 Bg7 4. Bb2 O-O 5. Bg2 d6 6. d4 e5 7. dxe5 Nfd7 8. O-O Nc6 9. c4 dxe5 10. Nfd2 f5 11. Qc1 Nd4 12. Nc3 c6 13. e3 Ne6 14. Qc2 Ndc5 15. Rad1 Qe7 16. b4 Nd7 17. c5 e4 18. Nc4 b6 19. cxb6 Qxb4 20. Nd6 Nxb6 21. a3 Qc5 22. Qb3 Bd7 23. a4 Rab8 24. Ndxe4 fxe4 25. Rxd7 Nd5 26. Rxg7+ Nxg7 27. Qa2 Rxb2 28. Qxb2 Qxc3 29. Qb7 Qc4 30. Qxa7 Nc3 31. a5 Ne6 32. h4 Nc5 33. Bh3 Nd3 34. Qe7 Qc5 35. Qe6+ Kg7 36. a6 Rf7 37. Qe8 Ne2+ 38. Kg2 Qc2 39. Bg4 h5 40. Bxe2 Qxe2 41. Qxe4 Rxf2+ 42. Rxf2 Qxf2+ 43. Kh3 Qf1+ 44. Kh2 Qe2+ 45. Kg1 Qf2+ 46. Kh1 Qe1+ 47. Kh2 Qd2+ 48. Kg1 Qd1+ 49. Kg2 Qc2+ 50. Kg1 Qb1+ 51. Kh2 Qa2+ 52. Kg1 Qa1+ 53. Kh2 Qb2+ 54. Kg1 Qc1+ 55. Kg2 Qc2+ 56. Kg1 Qf2+ 57. Kh1 Qf1+ 58. Kh2 Qf2+ 59. Kh1 1/2-1/2


[Site "https://www.chess.com"]

[Event "Titled Tuesday Blitz August 10 2021"]
[White "Gupta, Abhijeet"]
[Black "Khanin, Semen"]
[WhiteFideId "5010608"]
[BlackFideId "4111990"]
[WhiteElo "2549"]
[BlackElo "2521"]
[Result "1-0"]
[Round "05"]
[TimeControl "180+1"]
[Date "2021.08.10"]
[WhiteClock "0:00:10"]
[BlackClock "0:00:02"]

1. d4 Nf6 2. c4 e6 3. Nf3 d5 4. g3 dxc4 5. Bg2 Bd7 6. Nbd2 Bc6 7. Nxc4 Nbd7 8. O-O Be7 9. b3 O-O 10. Bb2 a5 11. a4 Bd5 12. Rc1 c6 13. Re1 b5 14. Ncd2 Ne4 15. Qc2 Ndf6 16. Ne5 Nxd2 17. Qxd2 Bxg2 18. Kxg2 Qd5+ 19. f3 Bb4 20. Bc3 Qxb3 21. Nxc6 bxa4 22. Nxb4 axb4 23. Bxb4 Rfc8 24. Bc5 Nd7 25. Rb1 Qd5 26. e4 Qc6 27. Ba3 Nb6 28. Rec1 Nc4 29. Qd3 Rc7 30. Bc5 Nd6 31. Qa3 Nb5 32. Qb4 Rb7 33. Ra1 a3 34. Ra2 Qa6 35. Rca1 h5 36. Qc4 Qa4 37. Qd3 h4 38. gxh4 Rd7 39. Qc2 Qxc2+ 40. Rxc2 Nxd4 41. Rc3 Nb5 42. Rb3 Rd2+ 43. Kg3 Nd4 44. Bxd4 Rxd4 45. Raxa3 Rxa3 46. Rxa3 g6 47. Ra8+ Kg7 48. Ra5 Kh6 49. h3 Rd1 50. Ra7 Kg7 51. Kg2 Rd2+ 52. Kg3 Rd1 53. Ra5 Kh6 54. Ra2 Kh5 55. Ra7 Kh6 56. Rxf7 Rg1+ 57. Kf4 Rh1 58. Ke5 Rxh3 59. Kxe6 Rxh4 60. f4 Rh3 61. e5 Rd3 62. Ra7 Kh5 63. Ra1 Kg4 64. Kf6 Kxf4 65. e6 g5 66. Ra4+ Kf3 67. Kxg5 Re3 68. Kf6 1-0


[Site "https://www.chess.com"]

[Event "Titled Tuesday Blitz August 10 2021"]
[White "Gusarov, Grigory"]
[Black "Mamedov, Rauf"]
[WhiteFideId "24102172"]
[BlackFideId "13401653"]
[WhiteElo "2247"]
[BlackElo "2657"]
[Result "0-1"]
[Round "05"]
[TimeControl "180+1"]
[Date "2021.08.10"]
[WhiteClock "0:00:27"]
[BlackClock "0:02:06"]

1. e4 c5 2. Nf3 d6 3. Bb5+ Nc6 4. O-O Bd7 5. Re1 Nf6 6. Nc3 e5 7. a3 Be7 8. d3 O-O 9. Nd5 Nxd5 10. exd5 Nb8 11. Bxd7 Nxd7 12. c4 a6 13. b4 b5 14. Nd2 f5 15. Rb1 Rb8 16. Qc2 Qc7 17. cxb5 axb5 18. bxc5 Qxc5 19. Qb3 Rfc8 20. Bb2 Qc2 21. Qb4 Nc5 22. Rec1 Qxd3 23. Nf3 Ne4 24. Qe1 Qxd5 25. Rd1 Qe6 26. Nd2 Nc5 27. Qe2 Na4 28. Nf3 Qc4 29. Qd2 h6 30. h3 Kh7 31. Rbc1 Qb3 32. Rxc8 Rxc8 33. Rc1 Rxc1+ 34. Qxc1 Qxb2 35. Qc7 Bf6 36. Qd7 Qb1+ 37. Kh2 Qe4 38. Qxd6 Qf4+ 39. Kg1 Nc3 40. Qc6 e4 41. Ne1 Qc1 42. Kf1 Qd1 0-1


[Site "https://www.chess.com"]

[Event "Titled Tuesday Blitz August 10 2021"]
[White "Gutenev, Alexander"]
[Black "Makhnev, Denis"]
[WhiteFideId "4195540"]
[BlackFideId "13707647"]
[WhiteElo "2432"]
[BlackElo "2537"]
[Result "0-1"]
[Round "05"]
[TimeControl "180+1"]
[Date "2021.08.10"]
[WhiteClock "0:00:03"]
[BlackClock "0:00:12"]

1. e4 c6 2. d4 d5 3. f3 dxe4 4. fxe4 e5 5. Nf3 Be6 6. Nc3 Nd7 7. Be2 Ngf6 8. O-O exd4 9. Nxd4 Bc5 10. Kh1 O-O 11. Nxe6 fxe6 12. Bc4 Qe7 13. Bf4 Kh8 14. Qe2 e5 15. Bg5 Bd4 16. Nd1 Qe8 17. c3 Bb6 18. Bd3 Qg6 19. Bxf6 Nxf6 20. Ne3 Rad8 21. Rf5 Bxe3 22. Qxe3 Ng4 23. Qg3 Rxf5 24. exf5 Qd6 25. Be2 Nf6 26. h3 Qe7 27. Qe3 a5 28. Bf3 e4 29. Re1 Re8 30. Qd4 c5 31. Qc4 Qe5 32. Bg4 Qg3 33. Qe2 e3 34. Rf1 Ne4 35. Rf3 Nf2+ 36. Kg1 Qe5 37. f6 gxf6 38. Bf5 c4 39. Bc2 b5 40. Rf5 Qg3 41. Rh5 Re7 42. Kf1 Nd3 43. Rf5 Nf4 44. Qf3 e2+ 45. Qxe2 Rxe2 0-1


[Site "https://www.chess.com"]

[Event "Titled Tuesday Blitz August 10 2021"]
[White "Ibarra Jerez, Jose Carlos"]
[Black "Shkapenko, Pavel"]
[WhiteFideId "2226332"]
[BlackFideId "4151933"]
[WhiteElo "2602"]
[BlackElo "2386"]
[Result "1-0"]
[Round "05"]
[TimeControl "180+1"]
[Date "2021.08.10"]
[WhiteClock "0:00:07"]
[BlackClock "0:00:09"]

1. e4 e5 2. Nf3 Nc6 3. d4 exd4 4. Nxd4 Bc5 5. Nb3 Bb6 6. Qe2 Nge7 7. Nc3 O-O 8. Be3 f5 9. O-O-O f4 10. Bxb6 axb6 11. h4 d6 12. h5 h6 13. Kb1 Be6 14. f3 Kh8 15. Rg1 Qe8 16. Nb5 Qd7 17. g3 Ne5 18. gxf4 Rxf4 19. N5d4 Raf8 20. Nxe6 Qxe6 21. Nd4 Qf6 22. Bg2 N5c6 23. Nb5 Rc8 24. Bh3 Rg8 25. Bg4 Ne5 26. Nxc7 Nxf3 27. Bxf3 Rxf3 28. Nb5 Rf2 29. Qd3 Rc8 30. c3 Nc6 31. Nxd6 Ne5 32. Qb5 Rc6 33. Ne8 Qf4 34. Nxg7 Qxe4+ 35. Ka1 Nc4 36. Rde1 Rxb2 37. Rxe4 Rxb5 38. Re8+ Kh7 39. Ne6 Rxe6 40. Rxe6 Na3 41. Re7+ Kh8 42. Re8+ Kh7 43. Re7+ Kh8 44. Re2 Rc5 45. Kb2 Nc4+ 46. Kc2 Rxh5 47. Re8+ Kh7 48. Re7+ Kh8 49. Rd1 Rg5 50. Rd8+ Rg8 51. Rdd7 Ra8 52. Rh7+ Kg8 53. Rdg7+ Kf8 54. Rc7 Kg8 55. Rhg7+ Kh8 56. Rh7+ Kg8 57. Rhd7 Ne5 58. Rd5 Nc6 59. Rxb7 Rc8 60. Kb2 h5 61. Rxb6 Ne7 62. Rxh5 Kf7 63. Rh7+ Ke8 64. Rh8+ Kd7 65. Rxc8 Nxc8 66. Rb4 Ne7 67. Rb7+ Kd6 68. Rxe7 Kxe7 69. Kb3 1-0


[Site "https://www.chess.com"]

[Event "Titled Tuesday Blitz August 10 2021"]
[White "Ibrahimli, Murad"]
[Black "Trent, Lawrence"]
[WhiteFideId "13410229"]
[BlackFideId "408638"]
[WhiteElo "2109"]
[BlackElo "2474"]
[Result "1-0"]
[Round "05"]
[TimeControl "180+1"]
[Date "2021.08.10"]
[WhiteClock "0:00:07"]
[BlackClock "0:00:02"]

1. d4 Nf6 2. c4 e6 3. Nf3 d5 4. Nc3 Ne4 5. e3 Bb4 6. Bd2 Nxd2 7. Qxd2 O-O 8. a3 Be7 9. Bd3 dxc4 10. Bxc4 c5 11. d5 exd5 12. Nxd5 Nc6 13. O-O Be6 14. Rfd1 Re8 15. Qc2 Qb8 16. Nf4 Bxc4 17. Qxc4 Ne5 18. Nxe5 Qxe5 19. Rd2 Red8 20. Rad1 Rxd2 21. Rxd2 g6 22. Qb5 b6 23. g3 Qe4 24. Nd5 Kg7 25. Qb3 Rd8 26. Qc3+ f6 27. f3 Qe6 28. Nf4 Qf7 29. Rxd8 Bxd8 30. Qd3 Bc7 31. Nd5 Be5 32. b3 f5 33. Kg2 h5 34. a4 Qe6 35. f4 Bf6 36. Kf3 Kf7 37. e4 fxe4+ 38. Qxe4 Qxe4+ 39. Kxe4 Bd8 40. Ke5 a6 41. Kd6 h4 42. gxh4 Kg7 43. Kd7 Bxh4 44. Nxb6 Kf6 45. Kd6 Bf2 46. Nd5+ Kf5 47. Kc6 1-0


[Site "https://www.chess.com"]

[Event "Titled Tuesday Blitz August 10 2021"]
[White "Indjic, Aleksandar"]
[Black "Yoo, Christopher Woojin"]
[WhiteFideId "911925"]
[BlackFideId "30909694"]
[WhiteElo "2643"]
[BlackElo "2105"]
[Result "0-1"]
[Round "05"]
[TimeControl "180+1"]
[Date "2021.08.10"]
[WhiteClock "0:00:29"]
[BlackClock "0:00:07"]

1. d4 Nf6 2. c4 e6 3. Nf3 d5 4. Nc3 c6 5. Qb3 a6 6. Bf4 dxc4 7. Qxc4 b5 8. Qd3 c5 9. e3 Bb7 10. dxc5 Qxd3 11. Bxd3 Bxc5 12. Ke2 Nbd7 13. Rac1 Ke7 14. h3 Rac8 15. Rhd1 Bb4 16. Nb1 Nd5 17. Bg3 Bc5 18. Nbd2 N7f6 19. a3 b4 20. e4 Nb6 21. Nb3 Na4 22. Nxc5 Nxc5 23. e5 Nd5 24. Bc4 bxa3 25. bxa3 Ne4 26. Bh4+ f6 27. exf6+ gxf6 28. Kf1 Ndc3 29. Rd4 Nb5 30. Rdd1 Nec3 31. Rd3 Rxc4 32. a4 Rxa4 33. Ne5 Bd5 34. Ng4 Rxg4 35. hxg4 Bc4 0-1


[Site "https://www.chess.com"]

[Event "Titled Tuesday Blitz August 10 2021"]
[White "Ivanisevic, Ivan"]
[Black "Terry, Renato"]
[WhiteFideId "912417"]
[BlackFideId "3803457"]
[WhiteElo "2499"]
[BlackElo "2581"]
[Result "0-1"]
[Round "05"]
[TimeControl "180+1"]
[Date "2021.08.10"]
[WhiteClock "0:00:06"]
[BlackClock "0:00:08"]

1. d4 e6 2. c4 Bb4+ 3. Nc3 c5 4. d5 Bxc3+ 5. bxc3 Qa5 6. Bd2 Nf6 7. f3 d6 8. e4 Nbd7 9. Nh3 O-O 10. Be2 Nb6 11. Nf2 Bd7 12. O-O Ba4 13. Qc1 Qa6 14. Bg5 Nfd7 15. Ng4 Rfe8 16. Rf2 f6 17. Bd2 Nxc4 18. dxe6 Rxe6 19. Ne3 b5 20. Bxc4 bxc4 21. Nf5 Ne5 22. Qa3 Bb5 23. Qxa6 Bxa6 24. Rb1 g6 25. Ne3 Kf7 26. Nd5 Rc8 27. Rff1 Nd3 28. Bf4 g5 29. Bg3 h5 30. h3 Kg6 31. Ne3 Rd8 32. a4 h4 33. Bh2 Ree8 34. Nd5 Rd7 35. a5 f5 36. f4 g4 37. exf5+ Kxf5 38. hxg4+ Ke6 39. Ne3 Kf7 40. Nf5 d5 41. Nxh4 d4 42. Nf5 dxc3 43. Rbc1 Nxc1 44. Rxc1 Rd3 45. Bg3 Re2 46. Be1 c2 47. Kf1 Rd1 48. Kxe2 Rxc1 49. Kd2 Rxe1 50. Kxc2 Re2+ 51. Kc3 Rxg2 52. Nd6+ Ke6 53. Ne4 Rxg4 54. Nxc5+ Kd5 55. Nxa6 Rxf4 56. Nb4+ Kc5 57. Nc2 Rf3+ 58. Kb2 Rf2 59. Kc3 Rf3+ 60. Kb2 Rh3 61. Na3 Kb4 62. Nc2+ Kxa5 63. Nd4 Kb6 64. Nc2 a5 65. Nd4 Kc5 66. Ne6+ Kb4 67. Nf4 Rh2+ 68. Kc1 Kb3 69. Nd5 Rh1+ 70. Kd2 c3+ 71. Kd3 Rd1+ 72. Ke2 Rxd5 0-1


[Site "https://www.chess.com"]

[Event "Titled Tuesday Blitz August 10 2021"]
[White "Jobava, Baadur"]
[Black "Bluebaum, Matthias"]
[WhiteFideId "13601520"]
[BlackFideId "24651516"]
[WhiteElo "2748"]
[BlackElo "2685"]
[Result "0-1"]
[Round "05"]
[TimeControl "180+1"]
[Date "2021.08.10"]
[WhiteClock "0:00:08"]
[BlackClock "0:00:52"]

1. e4 e6 2. c4 d5 3. cxd5 exd5 4. Qb3 dxe4 5. Bc4 Qd7 6. d3 Nc6 7. dxe4 Na5 8. Qc2 Nxc4 9. Qxc4 b5 10. Qc2 Bb7 11. Ne2 O-O-O 12. O-O Qd3 13. Qxd3 Rxd3 14. Nbc3 b4 15. Nf4 Rd7 16. Ncd5 Bd6 17. a3 bxa3 18. bxa3 Ne7 19. Bb2 f6 20. Rfe1 Re8 21. Nh5 Nxd5 22. exd5 Rxe1+ 23. Rxe1 Bxd5 24. Re8+ Kb7 25. Rh8 Bf7 26. g4 Bc5 27. Bc3 Bd5 28. Ng3 Bf3 29. h4 Rd1+ 30. Kh2 Bxf2 31. Rxh7 Bc5 32. Rxg7 Bd6 33. Kh3 Rg1 34. h5 Rxg3+ 35. Kh4 Rg2 36. Bxf6 Bf4 37. Kh3 Rh2# 0-1


[Site "https://www.chess.com"]

[Event "Titled Tuesday Blitz August 10 2021"]
[White "Kovalev, Egor"]
[Black "Bok, Benjamin"]
[WhiteFideId "24124117"]
[BlackFideId "1017063"]
[WhiteElo "2253"]
[BlackElo "2658"]
[Result "0-1"]
[Round "05"]
[TimeControl "180+1"]
[Date "2021.08.10"]
[WhiteClock "0:00:10"]
[BlackClock "0:00:06"]

1. e4 c5 2. Nf3 d6 3. d4 cxd4 4. Nxd4 Nf6 5. Nc3 a6 6. f3 e5 7. Nb3 Be6 8. Be3 Nbd7 9. g4 b5 10. g5 b4 11. Ne2 Ng8 12. Qd2 h6 13. O-O-O a5 14. Kb1 hxg5 15. Bxg5 Qc7 16. Nbc1 Ngf6 17. Ng3 Rb8 18. f4 Be7 19. h4 a4 20. Bh3 Bxh3 21. Rxh3 g6 22. Rf1 Qc4 23. fxe5 dxe5 24. Rh2 Nh5 25. Bxe7 Nxg3 26. Rxf7 Qxf7 27. Bd6 Nf1 28. Qg2 Nxh2 29. Bxb8 Nxb8 30. Qxh2 Nd7 31. Qd2 Rxh4 32. b3 axb3 33. axb3 Rxe4 34. Kb2 Qf4 35. Qd5 Rd4 36. Qe6+ Kd8 37. Nd3 Rxd3 38. Qg8+ Kc7 39. cxd3 Qd2+ 40. Ka1 Qc1+ 41. Ka2 Qc2+ 42. Ka1 Qxd3 43. Qe6 g5 44. Ka2 Qd4 45. Qg6 g4 46. Qc2+ Kd8 47. Qg6 Qf2+ 48. Ka1 g3 49. Qg8+ Kc7 50. Qc4+ Kd6 51. Qa6+ Ke7 0-1


[Site "https://www.chess.com"]

[Event "Titled Tuesday Blitz August 10 2021"]
[White "Laxman, R.R."]
[Black "Sarana, Alexey"]
[WhiteFideId "5005361"]
[BlackFideId "24133795"]
[WhiteElo "2476"]
[BlackElo "2646"]
[Result "1-0"]
[Round "05"]
[TimeControl "180+1"]
[Date "2021.08.10"]
[WhiteClock "0:01:29"]
[BlackClock "0:00:08"]

1. d4 Nf6 2. Nf3 d5 3. c4 e6 4. g3 Be7 5. Bg2 O-O 6. O-O dxc4 7. Qa4 a6 8. Qxc4 b5 9. Qc2 Bb7 10. Bd2 Be4 11. Qc1 Bb7 12. Qc2 Be4 13. Qc1 Nbd7 14. Ba5 Ra7 15. Nbd2 Bd5 16. Re1 Qa8 17. e4 Bb7 18. b4 Rc8 19. Qc2 Nb8 20. a3 Nc6 21. Nb3 Nxa5 22. Nxa5 Bxe4 23. Rxe4 Qxe4 24. Qxe4 Nxe4 25. Nc6 Bf6 26. Nxa7 Ra8 27. Nc6 Nc3 28. Re1 Kf8 29. Nfe5 Bxe5 30. dxe5 Ke8 31. Bf3 Na4 32. Rd1 Nb6 33. Na5 Rb8 34. Bc6+ Kf8 35. Bb7 Nc4 36. Nxc4 Rxb7 37. Rd8+ Ke7 38. Na5 Rb6 39. Rd1 f6 40. f4 g5 41. Kf2 gxf4 42. gxf4 fxe5 43. fxe5 Kf7 44. Rd7+ Kg6 45. Rxc7 Kf5 46. Rc6 Rb8 47. Rxa6 Rd8 48. Ke3 Rd1 49. Ra7 Ra1 50. Nc6 h5 51. Nd4+ Kxe5 52. Nxb5 Rh1 53. Nd4 Re1+ 54. Ne2 Rh1 55. Nd4 Re1+ 56. Kf2 Ra1 57. Nf3+ Ke4 58. b5 e5 59. b6 Ra2+ 60. Kg3 Rb2 61. b7 Rb3 62. Ra4+ Kd5 63. Rb4 1-0


[Site "https://www.chess.com"]

[Event "Titled Tuesday Blitz August 10 2021"]
[White "Le, Tuan Minh"]
[Black "Nagy, Gabor"]
[WhiteFideId "12401153"]
[BlackFideId "737119"]
[WhiteElo "2450"]
[BlackElo "2562"]
[Result "1/2-1/2"]
[Round "05"]
[TimeControl "180+1"]
[Date "2021.08.10"]
[WhiteClock "0:00:02"]
[BlackClock "0:00:32"]

1. d4 Nf6 2. Nf3 b6 3. Bf4 Bb7 4. e3 g6 5. Nbd2 Bg7 6. h3 O-O 7. Be2 d6 8. O-O Nbd7 9. a4 a6 10. Bh2 c5 11. c3 Rc8 12. Bd3 d5 13. Qe2 c4 14. Bc2 b5 15. axb5 axb5 16. e4 dxe4 17. Nxe4 Qb6 18. Rfe1 b4 19. Ned2 Qb5 20. Ba4 Qf5 21. Qxe7 bxc3 22. bxc3 Bxf3 23. Nxf3 Nb6 24. Qe5 Qxe5 25. Nxe5 Nfd5 26. Nd7 Nxd7 27. Bxd7 Rcd8 28. Bb5 Nxc3 29. Bxc4 Bxd4 30. Rac1 Rfe8 31. Kf1 Kg7 32. Rxe8 Rxe8 33. Re1 Rxe1+ 34. Kxe1 Ne4 35. f3 Nc5 36. Ke2 f5 37. g4 fxg4 38. fxg4 h5 39. Kf3 Kf6 40. Bc7 hxg4+ 41. Kxg4 Ne6 42. Bg3 g5 43. Bxe6 Kxe6 44. Kxg5 Kf7 45. h4 Bf6+ 46. Kf5 Bxh4 1/2-1/2


[Site "https://www.chess.com"]